Map: Orbital Shipyard

Players

jevenddupaté - Winner!

  • Race: Zerg Zerg
  • League: Master

Daimai

  • Race: Protoss Protoss
  • League: Master

VOD

Have the link to the VOD?

Description

Time

  • Played on: Feb. 13, 2016, 5:33 p.m.
  • Length: 13:46
Show
View Real Time Build Order
Export as new Build Order

jevenddupaté Zerg - Winner!

Build Orders: Hatch First, Lurkers 

Get SALT Encoding   

  12  0:01  Drone  
  13  0:12  Overlord  
  13  0:18  Drone  
  14  0:30  Drone x2  
  14  0:34  Drone  
  17  0:52  Hatchery  
  17  0:55  Extractor  
  16  0:57  Drone  
  16  1:12  Spawning Pool  
  16  1:14  Drone  
  16  1:20  Drone  
  16  1:23  Drone  
  18  1:32  Drone  
  19  1:46  Drone  
  20  1:49  Overlord  
  20  2:01  Queen, Metabolic Boost  
  20  2:08  Queen  
  24  2:13  Drone  
  24  2:14  Drone  
  26  2:18  Zergling x2  
  27  2:35  Hatchery  
  26  2:37  Zergling x2  
  26  2:40  Zergling x2  
  28  2:47  Drone  
  28  2:48  Drone  
  30  2:55  Queen  
  32  3:00  Evolution Chamber  
  31  3:06  Drone x3  
  35  3:20  Zergling x4  
  35  3:26  Overlord  
  36  3:28  Overlord  
  36  3:42  Zerg Melee Weapons Level 1  
  36  3:49  Drone x4  
  36  3:50  Drone x6  
  45  3:59  Drone  
  45  4:02  Queen  
  48  4:10  Drone  
  48  4:12  Roach Warren  
  48  4:15  Extractor  
  47  4:18  Spore Crawler  
  47  4:19  Spore Crawler  
  47  4:22  Spore Crawler  
  44  4:25  Drone  
  44  4:26  Drone x3  
  44  4:27  Drone x3  
  51  4:35  Baneling Nest  
  51  4:36  Spore Crawler  
  49  4:43  Extractor  
  44  4:52  Drone x8  
  55  4:57  Overlord x2  
  55  5:02  Lair  
  55  5:14  Overlord  
  55  5:15  Overlord  
  55  5:17  Drone  
  55  5:18  Drone  
  55  5:19  Drone x2  
  59  5:25  Extractor  
  59  5:26  Extractor  
  57  5:34  Hatchery  
  55  5:37  Drone x4  
  55  5:38  Drone  
  55  5:40  Overlord x3  
  60  5:43  Drone x2  
  60  5:44  Drone  
  60  5:45  Drone  
  60  5:48  Zerg Missile Weapons Level 1  
  64  5:58  Drone  
  64  6:00  Drone x5  
  70  6:12  Hatchery  
  70  6:14  Hydralisk Den  
  67  6:22  Drone x2, Extractor  
  67  6:23  Drone x2  
  67  6:24  Drone x2, Extractor  
  67  6:25  Drone x2  
  73  6:26  Glial Reconstitution  
  73  6:28  Drone  
  74  6:34  Overseer  
  74  6:37  Overseer  
  74  6:46  Queen  
  77  6:54  Drone, Queen  
  77  6:57  Muscular Augments  
  77  6:58  Drone  
  77  6:59  Hydralisk x10  
  100  7:02  Overlord x2  
  97  7:18  Drone x3  
  97  7:19  Hydralisk  
  97  7:20  Hydralisk x5  
  97  7:22  Queen  
  112  7:30  Overseer  
  112  7:39  Spore Crawler, Drone x2  
  112  7:41  Drone x2, Queen  
  112  7:42  Overlord  
  112  7:43  Overlord x3  
  117  7:52  Zerg Ground Armor Level 1  
  117  7:55  Drone  
  117  7:57  Spore Crawler  
  117  7:58  Spore Crawler  
  116  7:59  Spore Crawler, Overlord  
  116  8:00  Overlord  
  116  8:04  Hydralisk x6  
  127  8:09  Lurker Den  
  126  8:28  Hydralisk x9  
  144  8:36  Drone x2, Extractor  
  144  8:37  Extractor  
  144  8:40  Drone  
  145  8:42  Overseer  
  145  8:47  Overlord x6  
  145  8:52  Drone  
  145  8:53  Evolution Chamber  
  145  9:06  Roach x10  
  165  9:21  Roach x9  
  183  9:27  Spore Crawler  
  183  9:28  Spore Crawler  
  183  9:29  Spore Crawler  
  180  9:34  Spore Crawler x2  
  180  9:35  Lurker x3  
  180  9:36  Lurker  
  180  9:38  Lurker x2  
  178  9:46  Ravager x3  
  178  9:52  Lurker  
  182  9:54  Zergling x16  
  190  10:01  Overseer  
  190  10:09  Drone  
  190  10:10  Drone x2  
  190  10:12  Drone x3  
  197  10:21  Roach x2  
  197  10:28  Infestation Pit  
  180  10:52  Ravager x10  
  180  10:53  Ravager x4  
  180  10:54  Zergling x4  
  180  10:55  Zergling x6  
  172  11:32  Roach x9  
  177  11:33  Roach x6  
  177  11:39  Queen  
  183  11:42  Hive  
  181  11:48  Lurker x5  
  181  11:50  Zergling x10  
  181  11:51  Overlord  
  185  12:16  Hydralisk x7  
  185  12:19  Hatchery  
  185  12:20  Hatchery  
  191  12:29  Overseer  
  186  12:30  Overseer x4  
  186  12:32  Pneumatized Carapace  
  173  12:52  Lurker  
  173  12:53  Lurker x5  
  173  12:54  Zergling x20  
  173  12:55  Zergling x6  
  173  12:56  Overlord  
  192  13:03  Ravager x2  
  192  13:04  Overlord x3  
  191  13:23  Overlord x2  
Show
View Real Time Build Order
Export as new Build Order

Daimai Protoss 

Build Orders: Nexus First, Oracle Opening 

Get SALT Encoding   

  12  0:00  Probe (Chrono Boost)  
  13  0:11  Probe (Chrono Boost)  
  14  0:19  Pylon  
  14  0:21  Probe (Chrono Boost)  
  15  0:38  Probe (Chrono Boost)  
  16  0:48  Probe (Chrono Boost)  
  17  0:59  Nexus  
  17  1:00  Probe (Chrono Boost)  
  18  1:11  Probe (Chrono Boost)  
  19  1:14  Gateway  
  19  1:21  Probe (Chrono Boost), Assimilator  
  20  1:27  Assimilator  
  20  1:32  Probe (Chrono Boost)  
  21  1:35  Pylon  
  21  1:42  Probe (Chrono Boost)  
  22  1:48  Gateway  
  22  1:53  Probe (Chrono Boost)  
  23  2:02  Cybernetics Core  
  23  2:05  Probe (Chrono Boost)  
  24  2:12  Probe (Chrono Boost)  
  25  2:16  Probe (Chrono Boost)  
  27  2:22  Probe (Chrono Boost)  
  27  2:26  Probe (Chrono Boost)  
  28  2:33  Probe (Chrono Boost)  
  30  2:41  Warp Gate  
  30  2:43  Mothership Core (Chrono Boost), Probe (Chrono Boost)  
  32  2:48  Stargate  
  32  2:54  Probe (Chrono Boost), Assimilator  
  32  2:58  Adept  
  35  3:01  Probe (Chrono Boost)  
  35  3:05  Adept, Probe (Chrono Boost)  
  37  3:11  Pylon  
  37  3:12  Probe (Chrono Boost)  
  40  3:15  Probe (Chrono Boost)  
  41  3:20  Pylon  
  41  3:22  Probe (Chrono Boost)  
  41  3:26  Sentry, Probe (Chrono Boost)  
  45  3:33  Probe (Chrono Boost)  
  46  3:35  Probe (Chrono Boost), Assimilator  
  47  3:41  Oracle (Chrono Boost)  
  47  3:43  Probe  
  47  3:45  Probe  
  53  3:55  Gateway, Probe x2  
  53  3:59  Gateway  
  53  4:06  Probe  
  53  4:07  Probe  
  55  4:13  Phoenix (Chrono Boost)  
  55  4:16  Probe  
  57  4:19  Probe  
  59  4:27  Probe  
  60  4:32  Probe  
  61  4:46  Probe  
  61  4:52  Pylon  
  62  4:55  Nexus  
  62  4:58  Pylon x2  
  62  5:01  Pylon  
  62  5:09  Probe  
  62  5:10  Probe  
  62  5:11  Phoenix (Chrono Boost)  
  62  5:12  Twilight Council  
  62  5:13  Forge  
  66  5:14  Sentry x2  
  70  5:24  Gateway x2  
  70  5:27  Probe, Robotics Facility  
  71  5:30  Gateway  
  71  5:37  Phoenix (Chrono Boost)  
  71  5:38  Adept x2  
  71  5:39  Protoss Ground Weapons Level 1 (Chrono Boost), Adept  
  71  5:40  Adept  
  81  5:47  Probe x2  
  81  5:48  Gateway  
  81  5:49  Charge (Chrono Boost)  
  83  5:59  Phoenix  
  85  6:12  Probe  
  85  6:13  Probe  
  85  6:14  Observer  
  88  6:25  Probe  
  88  6:26  Phoenix, Assimilator  
  88  6:28  Pylon, Templar Archives  
  88  6:29  Probe  
  88  6:30  Pylon  
  88  6:31  Assimilator  
  92  6:38  Immortal (Chrono Boost), Probe  
  97  6:42  Probe  
  98  6:52  Zealot x5  
  108  6:56  Phoenix  
  110  7:20  Immortal (Chrono Boost), Zealot x5  
  124  7:25  Pylon  
  124  7:27  Pylon  
  122  7:33  Pylon  
  122  7:35  Pylon, Probe x2  
  124  7:40  Probe  
  123  7:44  Phoenix  
  123  7:47  Probe x2  
  127  7:52  Probe  
  128  7:59  Zealot x4  
  128  8:01  Observer (Chrono Boost)  
  128  8:04  Pylon  
  137  8:06  Pylon  
  137  8:10  Nexus  
  137  8:12  High Templar x4  
  145  8:14  Pylon  
  145  8:16  Archon  
  145  8:17  Archon  
  145  8:24  Protoss Ground Weapons Level 2, High Templar x3  
  151  8:30  Photon Cannon  
  151  8:32  Photon Cannon  
  151  8:34  Archon, High Templar  
  153  8:35  Photon Cannon  
  153  8:36  Warp Prism (Chrono Boost)  
  153  8:37  Gateway  
  153  8:38  Gateway, Archon  
  155  8:48  Phoenix  
  157  8:56  Zealot x2  
  157  8:57  Zealot x3  
  167  9:04  Pylon  
  167  9:05  Pylon  
  167  9:09  Gateway  
  167  9:11  Robotics Facility  
  167  9:21  High Templar x2  
  167  9:22  Zealot x5  
  181  9:24  Zealot  
  181  9:25  Archon  
  183  9:37  Observer (Chrono Boost)  
  184  9:46  High Templar x2  
  184  9:47  Zealot x4  
  196  9:53  Probe, Assimilator  
  196  9:54  Probe x2  
  196  9:58  Assimilator  
  199  10:00  Pylon  
  199  10:02  Archon  
  193  10:48  Phoenix  
  183  10:51  Zealot x4  
  183  10:52  Zealot x4  
  199  11:15  Nexus  
  199  11:18  Pylon  
  199  11:21  Pylon  
  114  11:37  Immortal (Chrono Boost), High Templar  
  114  11:38  High Templar x6  
  114  11:39  High Templar  
  138  11:40  Immortal (Chrono Boost), Zealot, High Templar x2  
  130  11:47  Phoenix  
  130  11:51  Photon Cannon  
  130  11:53  Photon Cannon  
  132  11:55  Photon Cannon  
  132  11:56  Photon Cannon  
  132  11:57  Archon x5  
  132  11:58  Photon Cannon  
  132  12:01  Photon Cannon  
  132  12:12  Zealot x5  
  132  12:13  Zealot x5  
  132  12:14  Zealot  
  152  12:28  Immortal (Chrono Boost)  
  152  12:29  Immortal (Chrono Boost)  
  146  12:35  High Templar x5  
  146  12:36  Zealot x5  
  166  12:37  High Templar  
  166  12:39  Archon x2  
  166  12:42  Archon  
  142  13:03  Immortal x2 (Chrono Boost)  
  149  13:16  Zealot x7  
  149  13:17  Zealot x4  
Tags
 
Add a new tag
Caveats
  • Supply blocks, unpowered buildings, or Contaminate may cause inaccurate times.
  • Supply counts are checked every 10 seconds.